 Dungeon Sprint DCSS version 0.20-a0-1058-g0491fde (webtiles) character file.

3261 potatolord5000 the Fighter (level 9, 0/136 HPs)
             Began as a Grey Draconian Gladiator on Apr 26, 2017.
             Was a High Priest of Lugonu.
             Killed by static electricity
             ... invoked by an insubstantial wisp
              (1 damage)
             ... in the Dungeon (Sprint V: "Ziggurat Sprint").
             The game lasted 00:13:22 (332 turns).

potatolord5000 the Fighter (DrGl)                    Turns: 332, Time: 00:13:22

Health: 0/136      AC:  4    Str: 34    XL:     9   Next: 68%
Magic:  14/16      EV: 21    Int:  8    God:    Lugonu [*****.]
Gold:   0          SH:  0    Dex: 16    Spells: 8/8 levels left

rFire    . . .     SeeInvis .   D - +5 lajatang
rCold    . . .     Gourm    .   (shield currently unavailable)
rNeg     + . .     Faith    .   (armour unavailable)
rPois    +         Spirit   .   b - +0 hat
rElec    .         Reflect  .   (no cloak)
rCorr    .         Harm     .   (no gloves)
MR       +....     NoTele   +   (no boots)
Stlth    ..........             l - amulet "Xuthuusm" {RegenMP *Corrode rPois rN+ MR+}
Regen    0.4/turn               B - +6 ring of strength
MPRegen  0.2/turn               C - +6 ring of strength

@: berserking, corroded, very quick
A: walk through water, unfitting armour, unbreathing, cold-blooded, AC +12
a: Bend Space, Banish, Corrupt, Renounce Religion


You were in the Dungeon.
You worshipped Lugonu.
Lugonu was extremely pleased with you.
You were full.

You visited 1 branch

Inventory:

Hand Weapons
 D - a +5 lajatang (weapon)
Armour
 b - a +0 hat (worn)
Jewellery
 l - the amulet "Xuthuusm" (around neck) {RegenMP *Corrode rPois rN+ MR+}
   (You found it in the Dungeon)

   [amulet of magic regeneration]

   It increases your magic regeneration.
   It protects you from poison.
   It protects you from negative energy.
   It affects your resistance to hostile enchantments.
   It may corrode you when you take damage.
 B - a +6 ring of strength (left hand)
 C - a +6 ring of strength (right hand)
Scrolls
 t - 5 scrolls of remove curse
Potions
 a - 2 potions of brilliance
 c - 2 potions of invisibility
 e - 10 potions of curing
 f - 4 potions of heal wounds
 g - 4 potions of haste
 h - 7 potions of magic
 i - 2 potions of berserk rage
 k - 3 potions of resistance
 m - 3 potions of agility
 n - 3 potions of might
Comestibles
 d - 5 bread rations
 v - 42 fruits
 w - 3 meat rations


   Skills:
 + Level 12.3 Fighting
 + Level 12.2 Staves
 - Level 1.7 Throwing
 * Level 11.6 Dodging
 + Level 10.4 Invocations


You had 8 spell levels left.
You didn't know any spells.

Dungeon Overview and Level Annotations

Branches:
Dungeon (1/1)

Altars:
Ashenzari
Cheibriados
Dithmenos
Elyvilon
Fedhas
Gozag
Hepliaklqana
Kikubaaqudgha
Makhleb
Nemelex Xobeh
Okawaru
Qazlal
Ru
Sif Muna
Trog
Uskayaw
Vehumet
Wu Jian
Xom
Yredelemnul
Zin
The Shining One
Beogh
Jiyva
Lugonu

Annotations:
D , corrupted


Innate Abilities, Weirdness & Mutations

You can walk through water.
Your dull iron-grey scales are very hard. (AC +12)
You cannot fit into any form of body armour.
You can survive without breathing.
You are cold-blooded and may be slowed by cold attacks.


Message History

* * * LOW HITPOINT WARNING * * *
The insubstantial wisp closely misses you.
The insubstantial wisp misses you.
You miss the air elemental.
The air elemental is lightly damaged.
The air elemental barely misses you. The air elemental hits you.
* * * LOW HITPOINT WARNING * * *
The air elemental barely misses you. The insubstantial wisp misses you.
The wind drake flaps its wings at you. The air twists around and strikes you!
* * * LOW HITPOINT WARNING * * *
You hit the air elemental.
The air elemental is lightly damaged.
The air elemental completely misses you.
The air elemental hits you!
* * * LOW HITPOINT WARNING * * *
The insubstantial wisp thrums sharply.
The wind drake is struck by lightning.
The lightning arcs!
You are struck by lightning.
You die...

▓..)[=)%..▓
▓...[[:=..▓
▓.........▓
▓.........▓
▓.........▓
▓....v....▓
▓.▓.EEv.▓.▓
▓..kv@vk..▓
▓▓▓▓▓▓▓▓▓▓▓


You could see 2 wind drakes, 2 air elementals and 4 insubstantial wisps.

Vanquished Creatures
  A dancing weapon (D)
  A deep elf archer (D)
  An orc sorcerer (D)
  2 guardian mummies (D)
  A merfolk (D)
  An air elemental (D)
  A fire elemental (D)
  3 necrophages (D)
  A phantom (D)
  A wight (D)
  An orc priest (D)
  A shadow imp (D)
  A white imp (D)
  An adder skeleton (D)
  3 orcs (D)
  A ball python zombie (D)
  A leopard gecko zombie (D)
22 creatures vanquished.

Vanquished Creatures (others)
  A mummy priest (D)
  3 spatial maelstroms (D)
  A shining eye (D)
  2 ugly things (D)
  A salamander (shapeshifter) (D)
  A cyclops (D)
  4 merfolk (D)
  A meliai (shapeshifter) (D)
  A hippogriff (D)
  A tarantella (shapeshifter) (D)
  An ushabti (D)
  An eye of draining (shapeshifter) (D)
  A phantom (D)
  2 necrophages (D)
  A centaur (D)
  A wight (D)
  2 mummies (D)
  A bat zombie (D)
  A quokka skeleton (D)
  6 starspawn tentacles (D)
33 creatures vanquished.

Grand Total: 55 creatures vanquished

Notes
Turn   | Place    | Note
-------+----------+-------------------------------------------
     0 | D        | potatolord5000 the Draconian Gladiator began the quest for the Orb.
     0 | D        | Reached XP level 1. HP: 17/17 MP: 1/1
     1 | D        | Banished a spatial maelstrom
     2 | D        | Found a blossoming altar of Fedhas.
     3 | D        | Found a deep blue altar of Sif Muna.
     3 | D        | Found a sacrificial altar of Ru.
     3 | D        | Found a bloodstained altar of Trog.
     3 | D        | Found a stormy altar of Qazlal.
     3 | D        | Found an iron altar of Okawaru.
     3 | D        | Found a sparkling altar of Nemelex Xobeh.
     5 | D        | Found an ancient bone altar of Kikubaaqudgha.
     5 | D        | Found a viscous altar of Jiyva.
     5 | D        | Found a corrupted altar of Lugonu.
     5 | D        | Found a hazy altar of Hepliaklqana.
     5 | D        | Found a burning altar of Makhleb.
     5 | D        | Found an opulent altar of Gozag.
    14 | D        | Banished a spatial maelstrom
    32 | D        | Banished a spatial maelstrom
   112 | D        | Became a worshipper of Lugonu the Unformed
   112 | D        | Reached * piety under Lugonu
   119 | D        | Reached XP level 2. HP: 28/28 MP: 2/2
   122 | D        | Entered arena 2.
   139 | D        | Entered arena 3.
   139 | D        | Noticed a wight
   139 | D        | Noticed a necrophage
   146 | D        | Killed a wight
   146 | D        | Reached ** piety under Lugonu
   146 | D        | Reached skill level 5 in Fighting
   146 | D        | Reached skill level 5 in Dodging
   146 | D        | Reached XP level 3. HP: 35/36 MP: 3/3
   147 | D        | Killed a necrophage
   147 | D        | Reached XP level 4. HP: 46/47 MP: 4/4
   147 | D        | Reached XP level 5. HP: 51/52 MP: 5/5
   157 | D        | Entered arena 4.
   157 | D        | Noticed an orc sorcerer
   157 | D        | Noticed a war axe of freezing
   157 | D        | Noticed a fire elemental
   157 | D        | Noticed a deep elf archer
   160 | D        | Killed a war axe of freezing
   160 | D        | Reached *** piety under Lugonu
   160 | D        | Reached skill level 10 in Staves
   160 | D        | Reached XP level 6. HP: 66/66 MP: 5/10
   160 | D        | Your scales start taking on a dull iron-grey colour.
   160 | D        | Reached XP level 7. HP: 71/71 MP: 5/11
   160 | D        | Gained mutation: You can survive without breathing. [Grey Draconian growth]
   163 | D        | Killed an orc sorcerer
   163 | D        | Reached skill level 10 in Fighting
   163 | D        | Reached XP level 8. HP: 73/80 MP: 5/13
   165 | D        | Killed a deep elf archer
   181 | D        | Entered arena 5.
   185 | D        | Reached **** piety under Lugonu
   189 | D        | Reached skill level 10 in Dodging
   198 | D        | Entered arena 6.
   208 | D        | Reached ***** piety under Lugonu
   208 | D        | Reached XP level 9. HP: 84/89 MP: 9/15
   224 | D        | Entered arena 7.
   224 | D        | Noticed a guardian mummy
   224 | D        | Noticed a guardian mummy
   224 | D        | Noticed a mummy priest
   234 | D        | Killed a guardian mummy
   235 | D        | Noticed an ice devil
   236 | D        | Corrupted D
   236 | D        | Noticed a vampire mage
   236 | D        | Noticed a death knight
   236 | D        | Noticed a worldbinder
   236 | D        | Noticed a tentacled starspawn
   236 | D        | Noticed an orange demon
   236 | D        | Noticed a rakshasa
   236 | D        | Noticed a starcursed mass
   236 | D        | Noticed a large abomination
   236 | D        | Noticed a thrashing horror
   238 | D        | Noticed a yaktaur
   239 | D        | Noticed a smoke demon
   239 | D        | Noticed a yaktaur
   239 | D        | Noticed an ironheart preserver
   239 | D        | Killed a mummy priest
   239 | D        | Reached skill level 10 in Invocations
   240 | D        | Noticed a bone dragon
   240 | D        | Killed a guardian mummy
   241 | D        | Noticed a hellwing
   241 | D        | Killed a merfolk
   242 | D        | Noticed a large abomination
   242 | D        | Killed a shining eye
   246 | D        | Killed a meliai
   252 | D        | Killed a green ugly thing
   253 | D        | Killed a merfolk
   257 | D        | Killed a salamander
   258 | D        | Killed a cyclops
   258 | D        | Killed a green ugly thing
   269 | D        | Noticed an orange demon
   271 | D        | Entered arena 8.
   271 | D        | Noticed a sun demon
   271 | D        | Noticed an orange demon
   271 | D        | Noticed a smoke demon
   271 | D        | Noticed a glowing orange brain
   271 | D        | Noticed a spatial maelstrom
   271 | D        | Noticed a mana viper
   271 | D        | Noticed a thrashing horror
   271 | D        | Noticed a large abomination
   271 | D        | Noticed a soul eater
   271 | D        | Noticed a balrug
   271 | D        | Noticed a bone dragon
   273 | D        | Noticed a large abomination
   285 | D        | Entered arena 9.
   285 | D        | Noticed a tentacled starspawn
   285 | D        | Noticed a thrashing horror
   285 | D        | Noticed a smoke demon
   285 | D        | Noticed an apocalypse crab
   285 | D        | Noticed a starcursed mass
   285 | D        | Noticed a starcursed mass
   285 | D        | Noticed a starcursed mass
   285 | D        | Noticed a starcursed mass
   292 | D        | Got the amulet "Xuthuusm" {RegenMP *Corrode rPois rN+ MR+}
   295 | D        | Killed a merfolk
   299 | D        | Entered arena 10.
   299 | D        | Noticed a bone dragon
   299 | D        | Noticed a merfolk
   299 | D        | Noticed a merfolk
   305 | D        | Killed a merfolk
   309 | D        | Killed a merfolk
   320 | D        | Entered arena 11.
   320 | D        | Noticed a wind drake
   320 | D        | Noticed a wind drake
   332 | D        | HP: 1/136 [air elemental (9)]
   332 | D        | Killed from afar by an insubstantial wisp

Vault maps used:
D:        sprint_v

Skill      XL: |  1  2  3  4  5  6  7  8  9 |
---------------+----------------------------+-----
Fighting       | 4 5 7 9 10 11 12 | 12.3
Staves         | 6 7 10 11 12 | 12.2
Dodging        | 4 5 6 8 9 10 11 | 11.6
Invocations    | 6 7 9 10 | 10.4
Throwing       | |  1.7

Action                   |  1- 3 |  4- 6 |  7- 9 || total
-------------------------+-------+-------+-------++-------
Melee: Lajatang          |    11 |     2 |    46 ||    59
       Tailslap          |       |       |     8 ||     8
Invok: Banish            |       |       |     1 ||     1
       Corrupt           |       |       |     1 ||     1
  Use: Potion            |     2 |     2 |    11 ||    15
  Eat: Meat ration       |     1 |       |       ||     1
Armor: Skin              |     5 |       |     8 ||    13
Dodge: Dodged            |    18 |     1 |    92 ||   111
Block: Other             |       |       |     2 ||     2
